[ PARTIDA AOE2 · #495973316 ]
UnrankedWei vs Turks
Equipo del jugador · VICT
Equipo rival · DERR
[ ANÁLISIS DE REPETICIÓN · EXTRAÍDO DE LA PARTIDA GRABADA ]
Feudal
8:53
Castillos
20:26
Imperial
38:58
| APM promedio | 42.7 |
| APM pico | 75 |
| eAPM promedio | 21.0 |
| Aldeanos / militares | 139 / 14 |
Foco
⚔️ 40.8% · 🌾 59.2%
Unknown (1952) ×115 · Unknown (1942) ×10 · Scorpion ×6 · Unknown (1949) ×5 · Monk ×4 · Scout Cavalry ×3
Feudal
8:56
Castillos
19:26
Imperial
41:06
| APM promedio | 41.7 |
| APM pico | 78 |
| eAPM promedio | 17.0 |
| Aldeanos / militares | 108 / 118 |
Foco
⚔️ 30.7% · 🌾 69.3%
Cavalry Archer ×105 · Knight ×4 · Scout Cavalry ×3 · Bombard Cannon ×2 · Monk ×1 · Archer ×1
Mapa de la partida
Recursos iniciales + cada clic de construcción. Líneas = muros · curvas = relieve. ◆ oro · ⬟ piedra · ● bayas · ✦ reliquia · ◌ hueco del cierre
Tu base· ✓ Cerrada en 20:26 · 34t muro · 1 puerta(s)
Base de Captain_Jeminez· ✓ Cerrada en 19:26 · 26t muro · 1 puerta(s)
Terreno inicial suavizado · ◌ = hueco del cierre detectado · pasá el cursor para detalles
Inputs por minuto
— Ie cuack - - Captain_Jeminez
Build order — Ie cuack
Primeras 150 de 458 acciones detectadas
| 0:00 | Crear | Villager (Male) ×4 |
| 0:01 | Crear | Villager (Male) ×4 |
| 0:03 | Construir | House |
| 0:04 | Construir | House |
| 1:23 | Crear | Villager (Male) |
| 1:53 | Construir | Lumber Camp |
| 2:06 | Crear | Villager (Male) |
| 2:06 | Crear | Villager (Male) |
| 2:06 | Crear | Villager (Male) |
| 2:52 | Crear | Villager (Male) |
| 2:52 | Crear | Villager (Male) |
| 3:14 | Crear | Villager (Male) |
| 3:40 | Crear | Villager (Male) |
| 3:40 | Crear | Villager (Male) |
| 3:51 | Construir | House |
| 3:54 | Crear | Villager (Male) |
| 4:09 | Crear | Villager (Male) |
| 4:25 | Construir | Mill |
| 4:35 | Crear | Villager (Male) |
| 4:35 | Crear | Villager (Male) |
| 4:35 | Crear | Villager (Male) |
| 5:18 | Crear | Villager (Male) |
| 5:24 | Crear | Villager (Male) |
| 6:18 | Investigar | Loom |
| 6:43 | Investigar | Feudal Age |
| 7:41 | Construir | Barracks |
| 7:54 | Crear | Villager (Male) |
| 8:15 | Construir | House |
| 8:53 | Edad | Edad Feudal |
| 8:57 | Construir | Stable |
| 9:00 | Crear | Villager (Male) |
| 9:00 | Investigar | Double-Bit Axe |
| 9:12 | Construir | Palisade Wall |
| 9:14 | Construir | Palisade Wall |
| 9:16 | Crear | Villager (Male) |
| 9:39 | Crear | Scout Cavalry |
| 9:45 | Crear | Villager (Male) |
| 9:50 | Crear | Villager (Male) |
| 9:53 | Investigar | Horse Collar |
| 9:57 | Construir | House |
| 10:09 | Crear | Scout Cavalry |
| 10:28 | Construir | House |
| 10:35 | Construir | Palisade Wall |
| 10:39 | Crear | Scout Cavalry |
| 10:43 | Crear | Spearman |
| 10:56 | Crear | Villager (Male) |
| 11:01 | Construir | Palisade Wall |
| 11:02 | Crear | Villager (Male) |
| 11:10 | Construir | House |
| 11:28 | Investigar | Town Watch |
| 11:43 | Construir | Palisade Wall |
| 11:56 | Crear | Villager (Male) |
| 11:56 | Crear | Villager (Male) |
| 11:57 | Crear | Villager (Male) |
| 12:15 | Crear | Villager (Male) |
| 12:27 | Crear | Villager (Male) |
| 12:29 | Construir | Palisade Wall |
| 12:30 | Crear | Villager (Male) |
| 12:34 | Construir | Farm |
| 12:36 | Construir | Farm |
| 12:37 | Construir | Farm |
| 12:41 | Construir | House |
| 12:43 | Construir | Palisade Wall |
| 12:59 | Construir | Palisade Wall |
| 13:06 | Crear | Villager (Male) |
| 13:09 | Construir | House |
| 13:11 | Construir | Farm |
| 13:12 | Construir | Farm |
| 13:17 | Construir | Farm |
| 13:22 | Construir | Palisade Wall |
| 13:30 | Crear | Villager (Male) |
| 13:30 | Crear | Villager (Male) |
| 13:35 | Construir | House |
| 13:55 | Construir | Farm |
| 13:58 | Crear | Villager (Male) |
| 14:01 | Construir | Farm |
| 14:05 | Construir | Farm |
| 14:14 | Construir | Farm |
| 14:24 | Crear | Villager (Male) |
| 14:28 | Construir | House |
| 14:31 | Construir | House |
| 14:33 | Crear | Villager (Male) |
| 14:37 | Construir | Mining Camp |
| 15:03 | Construir | House |
| 15:04 | Crear | Villager (Male) |
| 15:30 | Investigar | Wheelbarrow |
| 15:35 | Construir | House |
| 15:37 | Construir | House |
| 15:56 | Construir | Palisade Gate |
| 16:03 | Construir | Farm |
| 16:08 | Crear | Villager (Male) |
| 16:14 | Construir | Market |
| 16:23 | Construir | Lumber Camp |
| 16:40 | Construir | House |
| 16:41 | Construir | House |
| 16:44 | Construir | House |
| 16:53 | Construir | Blacksmith |
| 16:54 | Construir | House |
| 17:02 | Crear | Villager (Male) |
| 17:31 | Construir | Farm |
| 17:36 | Investigar | Castle Age |
| 17:36 | Investigar | Castle Age |
| 18:04 | Construir | Archery Range |
| 18:10 | Investigar | Fletching |
| 18:42 | Investigar | Bloodlines |
| 19:01 | Investigar | Gold Mining |
| 19:08 | Construir | Farm |
| 19:10 | Construir | Farm |
| 19:14 | Construir | Farm |
| 19:18 | Construir | Farm |
| 19:25 | Construir | Archery Range |
| 19:59 | Construir | House |
| 20:03 | Crear | Villager (Male) |
| 20:05 | Crear | Villager (Male) |
| 20:26 | Edad | Edad de los Castillos |
| 20:35 | Construir | Town Center |
| 20:37 | Crear | Villager (Male) |
| 20:39 | Investigar | Bow Saw |
| 20:41 | Crear | Villager (Male) |
| 20:44 | Crear | Unit 1952 |
| 20:45 | Crear | Unit 1952 |
| 20:53 | Investigar | Bodkin Arrow |
| 20:58 | Crear | Villager (Male) |
| 21:09 | Construir | House |
| 21:12 | Crear | Villager (Male) |
| 21:23 | Crear | Unit 1952 |
| 21:23 | Crear | Unit 1952 |
| 21:33 | Crear | Villager (Male) |
| 21:38 | Construir | Monastery |
| 21:40 | Crear | Villager (Male) |
| 21:48 | Crear | Unit 1952 |
| 21:50 | Crear | Villager (Male) |
| 22:07 | Construir | Town Center |
| 22:13 | Construir | House |
| 22:16 | Construir | House |
| 22:18 | Crear | Villager (Male) |
| 22:19 | Crear | Villager (Male) |
| 22:20 | Crear | Unit 1952 |
| 22:20 | Crear | Unit 1952 |
| 22:28 | Construir | House |
| 23:05 | Crear | Villager (Male) |
| 23:08 | Crear | Unit 1952 |
| 23:08 | Crear | Unit 1952 |
| 23:27 | Crear | Villager (Male) |
| 23:27 | Crear | Villager (Male) |
| 23:45 | Crear | Villager (Male) |
| 23:45 | Crear | Villager (Male) |
| 23:45 | Crear | Villager (Male) |
| 23:57 | Crear | Villager (Male) |
| 24:00 | Crear | Unit 1952 |
Build order — Captain_Jeminez
Primeras 150 de 360 acciones detectadas
| 0:01 | Crear | Villager (Male) |
| 0:01 | Crear | Villager (Male) |
| 0:01 | Crear | Villager (Male) |
| 0:02 | Construir | House |
| 0:04 | Construir | House |
| 0:15 | Crear | Villager (Male) |
| 1:30 | Crear | Villager (Male) |
| 2:05 | Crear | Villager (Male) |
| 2:33 | Construir | Lumber Camp |
| 2:34 | Crear | Villager (Male) |
| 2:35 | Crear | Villager (Male) |
| 3:22 | Crear | Villager (Male) |
| 3:27 | Construir | House |
| 3:30 | Construir | House |
| 3:44 | Crear | Villager (Male) |
| 4:09 | Crear | Villager (Male) |
| 4:23 | Crear | Villager (Male) |
| 4:41 | Crear | Villager (Male) |
| 4:57 | Crear | Villager (Male) |
| 5:11 | Construir | Mill |
| 5:54 | Crear | Villager (Male) |
| 5:55 | Investigar | Loom |
| 6:10 | Construir | Lumber Camp |
| 6:46 | Investigar | Feudal Age |
| 7:57 | Construir | Barracks |
| 8:01 | Crear | Villager (Male) |
| 8:40 | Construir | House |
| 8:56 | Edad | Edad Feudal |
| 8:58 | Construir | Stable |
| 9:08 | Crear | Villager (Male) |
| 9:23 | Crear | Spearman |
| 9:36 | Crear | Villager (Male) |
| 9:39 | Investigar | Double-Bit Axe |
| 9:41 | Crear | Scout Cavalry |
| 9:46 | Crear | Scout Cavalry |
| 9:49 | Construir | House |
| 9:56 | Construir | Palisade Gate |
| 9:58 | Crear | Villager (Male) |
| 10:19 | Construir | House |
| 10:33 | Construir | Palisade Wall |
| 10:35 | Crear | Villager (Male) |
| 10:48 | Crear | Villager (Male) |
| 10:55 | Construir | Palisade Wall |
| 10:59 | Construir | House |
| 11:03 | Construir | Palisade Wall |
| 11:12 | Investigar | Horse Collar |
| 11:23 | Construir | Farm |
| 11:24 | Construir | Farm |
| 11:27 | Construir | Farm |
| 11:28 | Construir | Farm |
| 11:33 | Crear | Villager (Male) |
| 11:52 | Crear | Villager (Male) |
| 11:58 | Construir | House |
| 12:10 | Crear | Villager (Male) |
| 12:13 | Construir | Farm |
| 12:29 | Construir | House |
| 12:32 | Crear | Villager (Male) |
| 12:37 | Construir | Farm |
| 12:42 | Construir | Farm |
| 12:45 | Construir | Farm |
| 12:47 | Construir | Farm |
| 13:10 | Construir | Blacksmith |
| 13:14 | Crear | Villager (Male) |
| 13:17 | Construir | House |
| 13:56 | Crear | Villager (Male) |
| 13:58 | Investigar | Wheelbarrow |
| 14:19 | Crear | Villager (Male) |
| 14:26 | Construir | Market |
| 14:47 | Crear | Villager (Male) |
| 14:52 | Construir | Mining Camp |
| 15:34 | Construir | Farm |
| 15:36 | Construir | Farm |
| 15:39 | Construir | Farm |
| 15:42 | Construir | Farm |
| 15:44 | Construir | Farm |
| 16:23 | Construir | Farm |
| 16:46 | Investigar | Castle Age |
| 16:59 | Construir | Archery Range |
| 17:04 | Investigar | Fletching |
| 17:24 | Investigar | Gold Mining |
| 18:01 | Construir | Archery Range |
| 18:05 | Investigar | Bloodlines |
| 18:30 | Investigar | Padded Archer Armor |
| 18:54 | Construir | Archery Range |
| 18:58 | Crear | Scout Cavalry |
| 19:10 | Crear | Villager (Male) |
| 19:26 | Edad | Edad de los Castillos |
| 19:27 | Crear | Cavalry Archer |
| 19:27 | Crear | Cavalry Archer |
| 19:31 | Crear | Cavalry Archer |
| 19:49 | Crear | Cavalry Archer |
| 20:00 | Construir | University |
| 20:02 | Investigar | Bow Saw |
| 20:03 | Crear | Cavalry Archer |
| 20:03 | Crear | Cavalry Archer |
| 20:09 | Crear | Villager (Male) |
| 20:31 | Crear | Cavalry Archer |
| 20:32 | Crear | Cavalry Archer |
| 20:32 | Crear | Cavalry Archer |
| 20:46 | Crear | Villager (Male) |
| 21:03 | Crear | Cavalry Archer |
| 21:13 | Investigar | Bodkin Arrow |
| 21:16 | Crear | Cavalry Archer |
| 21:33 | Construir | Town Center |
| 21:41 | Crear | Cavalry Archer |
| 21:41 | Crear | Cavalry Archer |
| 21:50 | Crear | Villager (Male) |
| 22:01 | Crear | Cavalry Archer |
| 22:04 | Crear | Villager (Male) |
| 22:17 | Crear | Cavalry Archer |
| 22:19 | Crear | Villager (Male) |
| 22:40 | Crear | Cavalry Archer |
| 22:41 | Crear | Cavalry Archer |
| 22:41 | Crear | Villager (Male) |
| 22:49 | Crear | Villager (Male) |
| 22:57 | Crear | Cavalry Archer |
| 22:58 | Crear | Villager (Male) |
| 23:23 | Crear | Cavalry Archer |
| 23:23 | Crear | Cavalry Archer |
| 23:30 | Crear | Cavalry Archer |
| 23:30 | Crear | Archer |
| 23:39 | Crear | Villager (Male) |
| 23:48 | Investigar | Ballistics |
| 23:49 | Crear | Villager (Male) |
| 23:56 | Crear | Cavalry Archer |
| 24:13 | Construir | Town Center |
| 24:23 | Crear | Cavalry Archer |
| 24:24 | Crear | Cavalry Archer |
| 25:04 | Investigar | Husbandry |
| 25:11 | Construir | House |
| 25:12 | Crear | Villager (Male) |
| 25:12 | Crear | Villager (Male) |
| 25:18 | Crear | Cavalry Archer |
| 25:19 | Crear | Cavalry Archer |
| 25:22 | Crear | Cavalry Archer |
| 25:23 | Crear | Cavalry Archer |
| 25:26 | Construir | House |
| 25:27 | Construir | House |
| 25:35 | Crear | Cavalry Archer |
| 25:37 | Crear | Villager (Male) |
| 25:45 | Construir | House |
| 25:51 | Crear | Cavalry Archer |
| 25:57 | Crear | Villager (Male) |
| 26:00 | Construir | Monastery |
| 26:04 | Construir | Farm |
| 26:13 | Crear | Cavalry Archer |
| 26:15 | Crear | Villager (Male) |
| 26:31 | Crear | Cavalry Archer |
| 26:31 | Crear | Cavalry Archer |
| 26:42 | Crear | Villager (Male) |
Cronología de la partida
| 7:41 | Ie cuack · first_building Barracks |
| 7:57 | Captain_Jeminez · first_building Barracks |
| 8:53 | Ie cuack · age_up feudal |
| 8:56 | Captain_Jeminez · age_up feudal |
| 8:57 | Ie cuack · first_building Stable |
| 8:58 | Captain_Jeminez · first_building Stable |
| 9:12 | Ie cuack · wall_segment Palisade Wall x3 |
| 9:14 | Ie cuack · wall_segment Palisade Wall x6 |
| 10:33 | Captain_Jeminez · wall_segment Palisade Wall x14 |
| 10:35 | Ie cuack · wall_segment Palisade Wall x1 |
| 10:55 | Captain_Jeminez · wall_segment Palisade Wall x8 |
| 11:01 | Ie cuack · wall_segment Palisade Wall x4 |
| 11:03 | Captain_Jeminez · wall_segment Palisade Wall x4 |
| 11:43 | Ie cuack · wall_segment Palisade Wall x10 |
| 12:29 | Ie cuack · wall_segment Palisade Wall x4 |
| 12:43 | Ie cuack · wall_segment Palisade Wall x6 |
| 12:59 | Ie cuack · wall_segment Palisade Wall x1 |
| 13:22 | Ie cuack · wall_segment Palisade Wall x1 |
| 16:31 | Captain_Jeminez · first_market_sell 100 wood |
| 16:33 | Captain_Jeminez · first_market_buy 100 food |
| 16:59 | Captain_Jeminez · first_building Archery Range |
| 17:17 | Ie cuack · first_market_buy 100 food |
| 17:19 | Ie cuack · first_market_sell 100 wood |
| 18:04 | Ie cuack · first_building Archery Range |
| 19:26 | Captain_Jeminez · age_up castle |
| 20:26 | Ie cuack · age_up castle |
| 21:38 | Ie cuack · first_building Monastery |
| 24:18 | Ie cuack · wall_segment Stone Wall x3 |
| 26:00 | Captain_Jeminez · first_building Monastery |
| 27:54 | Captain_Jeminez · first_building Siege Workshop |
| 28:20 | Ie cuack · first_building Siege Workshop |
| 35:56 | Captain_Jeminez · first_building Castle |
| 36:10 | Ie cuack · first_building Castle |
| 36:35 | Captain_Jeminez · wall_segment Palisade Wall x1 |
| 36:36 | Captain_Jeminez · wall_segment Palisade Wall x1 |
| 38:58 | Ie cuack · age_up imperial |
| 41:06 | Captain_Jeminez · age_up imperial |
| 42:35 | Captain_Jeminez · resign |
[ ANÁLISIS IA · 1 CRÉDITO ]
¿Qué pasó realmente en esta partida?
Wolo.gg analiza cada decisión: build order, eco, micro, errores típicos por bracket. Análisis personalizado por WhatsApp o Discord en 30 segundos.
Guía civ
Wei
Perfil
Ie cuack